 Dungeon Crawl Stone Soup version 0.27-a0-1324-ge0d8e047f6 (webtiles) character file.

Game seed: 4524740425153742734

305 Sweetruy1997 the Ruffian (level 6, -1/61 HPs)
             Began as a Troll Berserker on June 23, 2021.
             Was a Priest of Trog.
             Slain by a lemure (6 damage)
             ... led by Pikel
             ... on level 4 of the Dungeon.
             The game lasted 00:07:33 (2741 turns).

Sweetruy1997 the Ruffian (Troll Berserker)          Turns: 2741, Time: 00:07:34

Health: -1/61      AC:  4    Str: 26    XL:     6   Next: 15%
Magic:  5/5        EV: 10    Int:  4    God:    Trog [***...]
Gold:   107        SH:  0    Dex: 10    Spells: 5/5 levels left

rFire    + . .     SeeInvis .     - Unarmed
rCold    x . .     Faith    .   (no shield)
rNeg     . . .     Spirit   .   a - +0 animal skin
rPois    .         Reflect  .   (helmet restricted)
rElec    .         Harm     .   (no cloak)
rCorr    .         Rampage  .   (gloves unavailable)
Will     .....                  (boots unavailable)
Stlth    ++........             d - amulet of regeneration
HPRegen  2.20/turn              f - ring of fire
MPRegen  0.09/turn              (no ring)

@: no status effects
A: large, unfitting armour, claws 3, regeneration 1, shaggy fur 1, tough skin 1
a: Renounce Religion, Berserk, Trog's Hand


You were on level 4 of the Dungeon.
You worshipped Trog.
Trog was most pleased with you.
You visited 1 branch of the dungeon, and saw 4 of its levels.

You collected 107 gold pieces.

Inventory:

Armour
 a - a +0 animal skin (worn)
Jewellery
 d - an amulet of regeneration (around neck)
 f - a ring of fire (left claw)
Scrolls
 b - a scroll of blinking {unknown}
 e - a scroll of enchant weapon {unknown}
 g - a scroll of enchant armour {unknown}
 i - a scroll of magic mapping
 k - a scroll of fear {unknown}
 m - a scroll of silence {unknown}
Potions
 c - 2 potions of lignification {unknown}
 h - a potion of berserk rage {unknown}
 j - a potion of ambrosia {unknown}
 l - a potion of curing {unknown}


   Skills:
 + Level 3.2 Fighting
 + Level 3.2 Dodging
 + Level 1.9 Stealth
 + Level 4.8 Unarmed Combat


You had 5 spell levels left.
You didn't know any spells.
Your spell library was empty.

Dungeon Overview and Level Annotations

Branches:
Dungeon (4/15)
 Temple: D:4-7

Altars:

Annotations:
D:4 Pikel


Innate Abilities, Weirdness & Mutations

You are too large for most types of armour.
You have claws for hands.
Your natural rate of healing is unusually fast.
You are covered in fur. (AC +1)
You have tough skin. (AC +1)


Message History

Pikel says, "You'll rot in Tartarus!"
Pikel barely misses you. The lemure hits you.
You scratch Pikel but do no damage.
Pikel is moderately wounded.
Pikel hits you but does no damage. The lemure closely misses you.
The lemure hits you. The lemure hits you but does no damage.
You closely miss Pikel.
Pikel is moderately wounded.
The lemure hits you!
Pikel hits you with a +0 whip of freezing.
Pikel freezes you. The lemure misses you.
You scratch Pikel.
Pikel is heavily wounded.
The lemure hits you! The lemure hits you.
Pikel hits you with a +0 whip of freezing.
Pikel freezes you. The lemure closely misses you.
You claw Pikel!
Pikel is severely wounded.
The lemure closely misses you. The lemure barely misses you.
Pikel closely misses you. The lemure closely misses you.
The lemure hits you but does no damage.
You closely miss Pikel.
Pikel is severely wounded.
The lemure hits you. The lemure barely misses you.
You completely miss Pikel. Your claw misses Pikel.
Pikel is severely wounded.
Pikel closely misses you.
The lemure hits you but does no damage. x2
The lemure hits you! The lemure closely misses you.
You scratch Pikel.
Pikel is almost dead.
Pikel hits you with a +0 whip of freezing!
* * * LOW HITPOINT WARNING * * *
Pikel freezes you.
* * * LOW HITPOINT WARNING * * *
The lemure hits you but does no damage. The lemure hits you.
* * * LOW HITPOINT WARNING * * *
The lemure hits you.
* * * LOW HITPOINT WARNING * * *
The lemure hits you.
You die...

##....# ##.. ...
#.....## ##..# ..#
...##..###... ##.#
..###.......####..#
####...#..........#
###[..##..........##
##..# #.....).....#####
...# #..)....5.5......
#..# ##......5@K......
##.## #....###.5......
##.## ##.........©.....
#..###....############
#..)......#...ZZZ)....
#..........#...........
#...........#..##...##..
............#..# ...8 ..
............#..#


You could see Pikel, 4 lemures and 3 bullfrog skeletons.

Vanquished Creatures
  A bullfrog (D:4)
  Natasha (twice) (D:3)
  Robin (D:3)
  4 gnolls (D:3)
  6 adders
  A worm (D:3)
  A dart slug (D:1)
  9 ball pythons
  6 endoplasms
  3 giant cockroaches
  13 goblins
  8 hobgoblins
  7 jackals
  5 quokkas
  8 bats
  3 frilled lizards
  5 kobolds
  3 rats
86 creatures vanquished.

Vanquished Creatures (others)
  A withered plant (D:2)
1 creature vanquished.

Grand Total: 87 creatures vanquished

Notes
Turn   | Place    | Note
-------+----------+-------------------------------------------
     0 | D:1      | Sweetruy1997 the Troll Berserker began the quest for the
                  | Orb.
     0 | D:1      | Reached XP level 1. HP: 22/22 MP: 0/0
   112 | D:1      | Reached XP level 2. HP: 29/29 MP: 1/1
   664 | D:2      | Reached XP level 3. HP: 36/36 MP: 2/2
   670 | D:2      | Reached ** piety under Trog
   752 | D:2      | Found a faded altar of an unknown god.
  1222 | D:2      | Reached skill level 4 in Unarmed Combat
  1222 | D:2      | Reached XP level 4. HP: 44/44 MP: 3/3
  1615 | D:3      | Reached skill level 1 in Stealth
  1683 | D:3      | Noticed Robin
  1687 | D:3      | Reached XP level 5. HP: 53/53 MP: 4/4
  1701 | D:3      | Killed Robin
  2006 | D:3      | Reached *** piety under Trog
  2175 | D:3      | Noticed Natasha
  2190 | D:3      | Killed Natasha
  2251 | D:3      | Noticed Natasha
  2265 | D:3      | Killed Natasha
  2650 | D:4      | Reached XP level 6. HP: 61/61 MP: 5/5
  2730 | D:4      | Noticed Pikel
  2741 | D:4      | Slain by a lemure

Illustrated notes

Levels and vault maps discovered:
D:1:      dpeg_arrival_pits, layout_basic
D:2:      layout_basic, serial_curves, eino_curves_02, eino_curves_03,
          shapermc_ecumenical_altar_flowoftime, minmay_distorted
D:3:      layout_basic, kennysheep_small_spiral, uniq_natasha, uniq_robin
D:4:      layout_layer_cave, kennysheep_mini, gammafunk_ghost_mausoleum,
          grunt_ministairs_6, uniq_pikel

Skill      XL: |  1  2  3  4 |
---------------+-------------+-----
Dodging        | 3 |  3.2
Unarmed Combat | 4 |  4.8
Fighting       | 3 |  3.2
Stealth        | 1 |  1.9

Action                   |  1- 3 |  4- 6 || total
-------------------------+-------+-------++-------
Melee: Unarmed           |    92 |   142 ||   234
       Punch             |       |     1 ||     1
Invok: Berserk           |       |     2 ||     2
       Trog's Hand       |       |     1 ||     1
  Use: Scroll            |       |     2 ||     2
 Stab: Sleeping          |       |     2 ||     2
Armor: Animal skin       |    36 |    43 ||    79
Dodge: Dodged            |    52 |    92 ||   144

Table legend: (Time is in decaauts)
 A = Elapsed time spent in this place.
 B = Non-inter-level travel time spent in this place.
 C = Inter-level travel time spent in this place.
 D = Time resting spent in this place.
 E = Time spent auto-exploring this place.
 F = Levels seen in this place.
 G = Mean time per level.
                   A        B        C        D        E       F      G
               +--------+--------+--------+--------+--------+-----+--------+
         Total |   2742 |   2357 |    385 |    156 |   1720 |   4 |  685.5 |
       Dungeon |   2742 |   2357 |    385 |    156 |   1720 |   4 |  685.5 |
               +--------+--------+--------+--------+--------+-----+--------+

Top non-repeatable levels by time:
     D:3: 1243 daAuts
     D:2: 739 daAuts
     D:1: 655 daAuts
     D:4: 104 daAuts
